 Seeded DCSS version 0.27-a0-1565-gad902ab807 (webtiles) character file.

Game seed: 20210715 (custom seed)

1311 muata the Magician (level 8, -2/52 HPs)
             Began as a Human Conjurer on July 15, 2021.
             Shot with a bolt by a kobold (4 damage)
             ... in a sewer on July 17, 2021.
             The game lasted 00:39:38 (6123 turns).

muata the Magician (Human Conjurer)                 Turns: 6123, Time: 00:39:39

Health: -2/52      AC:  4    Str:  8    XL:     8   Next: 89%
Magic:  16/18      EV: 12    Int: 20    God:
Gold:   224        SH:  0    Dex: 12    Spells: 11/20 levels left

rFire    . . .     SeeInvis .   b - staff of death
rCold    . . .     Faith    .   (no shield)
rNeg     + . .     Spirit   .   a - +0 robe
rPois    .         Reflect  .   l - +2 hat
rElec    .         Harm     .   (no cloak)
rCorr    .         Rampage  .   (no gloves)
Will     .....                  (no boots)
Stlth    +.........             k - amulet of magic regeneration
HPRegen  0.17/turn              (no ring)
MPRegen  0.41/turn              (no ring)

@: lethally poisoned (-2 -> -10), slowed, very slow
A: no striking features
a: no special abilities


You were in a sewer.
You visited 1 branch of the dungeon, and saw 6 of its levels.
You also visited: Sewer.

You collected 224 gold pieces.

Inventory:

Missiles
 g - a throwing net
Armour
 a - a +0 robe (worn)
 e - a +0 pair of boots
 l - a +2 hat (worn)
Magical Staves
 b - a staff of death (weapon)
Jewellery
 k - an amulet of magic regeneration (around neck)
 q - a ring of magical power
Wands
 h - a wand of polymorph (8)
Scrolls
 c - a scroll of enchant armour {unknown}
 f - a scroll of noise {unknown}
 m - a scroll of amnesia {unknown}
 n - a scroll of summoning {unknown}
 o - a scroll of enchant weapon {unknown}
 t - a scroll of vulnerability {unknown}
 u - 3 scrolls of teleportation {unknown}
 v - a scroll of identify
Potions
 d - a potion of brilliance
 i - 2 potions of flight
 j - a potion of magic
 p - a potion of heal wounds {unknown}
 r - a potion of might {unknown}
 s - 2 potions of cancellation {unknown}


   Skills:
 - Level 2.0 Dodging
 - Level 2.0 Stealth
 + Level 6.8 Spellcasting
 - Level 5.0 Conjurations
 + Level 2.7 Summonings
 - Level 5.5 Necromancy


You had 11 spell levels left.
You knew the following spells:

 Your Spells              Type           Power      Damage    Failure   Level
a - Magic Dart            Conj           100%       1d8       1%          1
b - Searing Ray           Conj           52%        3d5       1%          2
c - Animate Skeleton      Necr           86%        N/A       1%          1
d - Vampiric Draining     Necr           21%        2d9       3%          3
e - Call Imp              Summ           17%        N/A       4%          2

Your spell library contained the following spells:

 Spells                   Type           Power      Damage    Failure   Level
 Pain                     Necr           100%       1d9       1%          1
 Summon Small Mammal      Summ           68%        N/A       3%          1
 Apportation              Tloc           12%        N/A       10%         1
 Corona                   Hex            6%         N/A       10%         1
 Dazzling Flash           Conj/Hex       32%        N/A       11%         3
 Blink                    Tloc           N/A        N/A       14%         2
 Ensorcelled Hibernation  Hex/Ice        12%        N/A       14%         2
 Slow                     Hex            6%         N/A       14%         2
 Mephitic Cloud           Conj/Pois/Air  13%        N/A       14%         3
 Confusing Touch          Hex            6%         N/A       28%         3
 Frozen Ramparts          Ice            12%        1d3       28%         3
 Lesser Beckoning         Tloc           3%         N/A       28%         3
 Spider Form              Tmut/Pois      3%         N/A       28%         3
 Fulminant Prism          Conj/Hex       8%         3d7       34%         4
 Iskenderun's Mystic Bla  Conj/Tloc      16%        2d5       34%         4
 Summon Ice Beast         Ice/Summ       12%        N/A       47%         4
 Ice Form                 Ice/Tmut       6%         N/A       67%         4
 Manifold Assault         Tloc           6%         N/A       95%         5
 Shadow Creatures         Summ           N/A        N/A       99%         6


Dungeon Overview and Level Annotations

Branches:
Dungeon (6/15)             Temple (0/1) D:4           Sewer (1/1)

Altars:
Nemelex Xobeh
Qazlal
Trog
Uskayaw
Wu Jian
Xom
Yredelemnul
Zin


Message History

Your crimson imp barely misses the kobold.
Your crimson imp hits the kobold.
The kobold dies!
You hear a splash. x2
The kobold brigand throws a curare-tipped dart.
The curare-tipped dart barely misses your crimson imp.
The curare-tipped dart hits you.
You are more poisoned.
You have difficulty breathing.
You feel as though you will be slow longer.
The kobold shoots a bolt.
The bolt misses your crimson imp. The bolt hits you!
Your crimson imp hits the kobold.
Your crimson imp hits the kobold brigand.
You feel extremely sick.
The kobold unwields a +2 short sword of protection.
The kobold wields a +0 hand crossbow.
The kobold shoots a bolt.
The bolt completely misses your crimson imp.
The bolt hits you!
* * * LOW HITPOINT WARNING * * *
The kobold brigand splashes around in the water.
The kobold shoots a bolt.
The bolt barely misses you.
Your crimson imp hits the kobold.
The kobold dies!
Your crimson imp hits the kobold brigand but does no damage.
The kobold brigand hits your crimson imp with a +0 whip!
Your crimson imp dies!
The kobold shoots a bolt.
The bolt closely misses you.
The kobold shoots a bolt.
The bolt barely misses your crimson imp.
The bolt hits you.
* * * LOW HITPOINT WARNING * * *
You enter the shallow water.
Moving in this stuff is going to be slow.
* * * LOW HITPOINT WARNING * * *
You feel extremely sick.
Your crimson imp hits the kobold.
The kobold shoots a bolt.
The bolt misses you.
Your crimson imp hits the kobold brigand.
The kobold shoots a bolt.
The bolt hits you.
You die...

### ############ #∩#
#..≈≈......###.### .
#..≈≈≈≈...≈≈.....######
..#.K≈≈≈≈≈≈≈≈≈≈≈≈≈≈≈≈≈≈≈##
....K≈≈≈≈≈≈≈≈≈≈≈≈≈≈≈≈≈≈≈≈≈
#.K≈≈≈≈≈≈≈≈≈≈≈≈≈≈≈≈≈≈≈≈#
#..5≈≈≈≈.≈.≈.≈...#######
#...)≈.@.≈.#######
#########≈## #≈# #≈# #≈#
#≈# #≈# #≈# #≈#


You could see a kobold brigand (ally target), 2 kobolds and a friendly crimson
imp (summoned).

Vanquished Creatures
  Duvessa (D:4)
  2 necrophages
  3 ogres (D:5)
  A phantom (D:4)
  3 scorpions
  Dowan (D:4)
  A hound (D:5)
  A jelly (D:4)
  A bullfrog skeleton (D:4)
  2 iguanas (D:5)
  An orc wizard (D:3)
  2 hound skeletons
  9 gnolls
  2 river rats (Sewer)
  6 adders
  A white imp (D:5)
  2 worms (D:2)
  4 dart slugs
  9 orcs
  2 bats (D:1)
  9 endoplasms
  4 giant cockroaches
  7 goblins
  5 hobgoblins
  10 jackals
  8 kobolds
  5 quokkas
  6 ball pythons
  2 frilled lizards
  11 rats
121 creatures vanquished.

Vanquished Creatures (collateral kills)
  2 kobolds (Sewer)
2 creatures vanquished.

Vanquished Creatures (others)
  An orc wizard (D:4)
1 creature vanquished.

Grand Total: 124 creatures vanquished

Notes
Turn   | Place    | Note
-------+----------+-------------------------------------------
     0 | D:1      | muata the Human Conjurer began the quest for the Orb.
     0 | D:1      | Reached XP level 1. HP: 13/13 MP: 3/3
   188 | D:1      | Reached XP level 2. HP: 16/19 MP: 0/5
   489 | D:1      | Learned a level 2 spell: Searing Ray
   602 | D:1      | Reached XP level 3. HP: 24/24 MP: 1/6
  1067 | D:1      | Upgraded the game from 0.27-a0-1555-g0e7b3fb1d2 to
                  | 0.27-a0-1557-g57f10a385c
  2116 | D:2      | Reached skill level 3 in Spellcasting
  2116 | D:2      | Reached XP level 4. HP: 30/30 MP: 3/8
  2158 | D:2      | Upgraded the game from 0.27-a0-1557-g57f10a385c to
                  | 0.27-a0-1565-gad902ab807
  2211 | D:2      | Learned a level 1 spell: Animate Skeleton
  2582 | D:2      | Reached skill level 5 in Conjurations
  3022 | D:3      | Reached XP level 5. HP: 35/35 MP: 6/10
  3258 | D:3      | Reached skill level 1 in Necromancy
  3771 | D:4      | Reached skill level 4 in Spellcasting
  3771 | D:4      | Reached XP level 6. HP: 30/41 MP: 8/12
  3869 | D:4      | Found a sparkling altar of Nemelex Xobeh.
  4111 | D:4      | Found an ornate altar of the Wu Jian Council.
  4191 | D:4      | Noticed Duvessa
  4259 | D:4      | Noticed Dowan
  4270 | D:4      | Killed Dowan
  4470 | D:4      | Found a basalt altar of Yredelemnul.
  4544 | D:4      | Reached XP level 7. HP: 42/46 MP: 12/14
  4656 | D:4      | Learned a level 3 spell: Vampiric Draining
  4674 | D:4      | Found a shimmering altar of Xom.
  4692 | D:4      | Found a hide-covered altar of Uskayaw.
  4757 | D:4      | Reached skill level 5 in Spellcasting
  5004 | D:4      | Found a staircase to the Ecumenical Temple.
  5098 | D:4      | Killed Duvessa
  5381 | D:5      | Entered Level 5 of the Dungeon
  5387 | D:5      | Reached skill level 5 in Necromancy
  5387 | D:5      | Reached XP level 8. HP: 52/52 MP: 10/16
  5463 | D:5      | Reached skill level 6 in Spellcasting
  5505 | D:5      | Found a stormy altar of Qazlal.
  5709 | D:5      | Learned a level 2 spell: Call Imp
  5739 | D:5      | Reached skill level 1 in Summonings
  5749 | D:5      | Found a glowing silver altar of Zin.
  5786 | D:5      | Found a bloodstained altar of Trog.
  6020 | D:6      | Found a glowing drain.
  6050 | Sewer    | Entered a sewer
  6123 | Sewer    | HP: 2/52 [poisoned by a kobold brigand (curare-tipped
                  | dart)]
  6123 | Sewer    | Shot with a bolt by a kobold

Illustrated notes

Levels and vault maps discovered:
D:1:      matt_arrival_debris, layout_basic
D:2:      layout_loops_ring, roderic_serpentine_path
D:3:      layout_rooms, minivault_27
D:4:      layout_rooms, nicolae_overflow_hidden_temple, amcnicky_altar_gilded,
          mainiacjoe_overflow_alcove_2, grunt_temple_overflow_open,
          minmay_temple_entry_statues_fountains, uniq_duvessa
D:5:      layout_rooms, lemuel_tele_altar, mainiacjoe_overflow_alcove_1,
          trog_three_pillars_becter
D:6:      layout_gridville, lemuel_crystal_altar, portal_sewer_entry_f,
          serial_shops, nicolae_inconvenience_store, nicolae_diamond_shop
Sewer:    sewer_kobolds

Skill      XL: |  1  2  3  4  5  6  7  8 |
---------------+-------------------------+-----
Spellcasting   | 3 4 5 6 |  6.8
Conjurations   | 5 |  5.0
Necromancy     | 2 3 5 |  5.5
Summonings     | 2 |  2.7
Dodging        | |  2.0
Stealth        | |  2.0

Action                   |  1- 3 |  4- 6 |  7- 9 || total
-------------------------+-------+-------+-------++-------
Melee: Staff             |    32 |    26 |     3 ||    61
 Cast: Magic Dart        |    95 |   138 |    65 ||   298
       Searing Ray       |       |     5 |    15 ||    20
       Vampiric Draining |       |       |     9 ||     9
       Call Imp          |       |       |     3 ||     3
  Use: Scroll            |       |     3 |     1 ||     4
       Potion            |       |     1 |       ||     1
Armor: Robe              |    10 |    11 |     4 ||    25
Dodge: Dodged            |    37 |    27 |    27 ||    91

Table legend: (Time is in decaauts)
 A = Elapsed time spent in this place.
 B = Non-inter-level travel time spent in this place.
 C = Inter-level travel time spent in this place.
 D = Time resting spent in this place.
 E = Time spent auto-exploring this place.
 F = Levels seen in this place.
 G = Mean time per level.
                   A        B        C        D        E       F      G
               +--------+--------+--------+--------+--------+-----+--------+
         Total |   6169 |   5977 |    192 |   1988 |   2428 |   7 |  881.3 |
       Dungeon |   6075 |   5883 |    192 |   1979 |   2405 |   6 | 1012.5 |
         Sewer |     93 |     93 |      0 |      9 |     23 |   1 |   93.0 |
               +--------+--------+--------+--------+--------+-----+--------+

Top non-repeatable levels by time:
     D:2: 1690 daAuts
     D:4: 1488 daAuts
     D:1: 1176 daAuts
     D:3: 1049 daAuts
     D:5: 633 daAuts
   Sewer: 93 daAuts
     D:6: 38 daAuts
